General information
- name: BNet
- type: Ladder team game (AT/RT)
- host: Battle.net
- saver: Bromeister
map: SilverpineForest
- players: 6
- length: 24:07
- speed: Fast
- version: 1.26 W3XP
- replay type: Public
» download(139 KB)
Players
team 1 (winner)

»
dank-man (
purple | 32 APM | 776 actions | 23:56)
5 Blademaster
3 Wind Walk
2 Critical Strike
3 Shadow Hunter
2 Healing Wave
1 Serpent Ward
» actions
| Build / train | 65 | |
| Enter build submenu | 20 | |
| Enter hero's abilities submenu | 8 | |
| Give item / drop item | 2 | |
| Remove unit from queue | 2 | |
| Right click | 370 | |
| Select / deselect | 250 | |
| Use ability | 59 | |
776 total
» units
| Peon | 12 | |
| Grunt | 11 | |
| Raider | 2 | |
| Troll Batrider | 2 | |
| Wind Rider | 6 | |
33 total
» upgrades
| Melee Weapons | 2 | |
| Armor | 1 | |
| Ensnare | 1 | |
| Ranged Weapons | 3 | |
7 total
» buildings
| Orc Burrow | 8 | |
| Altar of Storms | 1 | |
| Barracks | 1 | |
| War Mill | 1 | |
| Voodoo Lounge | 1 | |
| Stronghold | 1 | |
| Beastiary | 2 | |
| Fortress | 1 | |
| Great Hall | 1 | |
17 total
» build order
00:27 Orc Burrow
00:56 Altar of Storms
01:05 Barracks
01:43 Orc Burrow
02:14 War Mill
02:21 Voodoo Lounge
03:50 Stronghold
06:32 Beastiary
06:37 Beastiary
07:30 Orc Burrow
07:32 Orc Burrow
11:06 Orc Burrow
11:46 Orc Burrow
11:49 Orc Burrow
14:11 Orc Burrow
17:25 Fortress
17:31 Great Hall
» items
| Scroll of Town Portal | 2 | |
| Healing Salve | 2 | |
| Lesser Clarity Potion | 1 | |
| Scroll of Speed | 1 | |
6 total
Bromeister (
yellow | 79 APM | 1911 actions | 24:07)
5 Mountain King
3 Storm Bolt
2 Thunder Clap
» actions
| Assign group hotkey | 9 | |
| Basic commands | 1 | |
| Build / train | 110 | |
| Enter build submenu | 59 | |
| Enter hero's abilities submenu | 5 | |
| Give item / drop item | 1 | |
| Remove unit from queue | 7 | |
| Right click | 1101 | |
| Select / deselect | 320 | |
| Select group hotkey | 189 | |
| Use ability | 109 | |
1911 total
» units
| Peasant | 27 | |
| Gryphon Rider | 6 | |
| Sorceress | 3 | |
36 total
» upgrades
| Lumber Harvesting | 2 | |
| Masonry | 1 | |
| Storm Hammers | 1 | |
| Sorceress Training | 1 | |
5 total
» buildings
| Lumber Mill | 1 | |
| Scout Tower | 36 | |
| Farm | 5 | |
| Guard Tower | 36 | |
| Altar of Kings | 2 | |
| Keep | 2 | |
| Arcane Vault | 1 | |
| Castle | 1 | |
| Town Hall | 1 | |
| Gryphon Aviary | 3 | |
| Arcane Sanctum | 1 | |
| Barracks | 1 | |
| Blacksmith | 1 | |
91 total
» build order
00:10 Lumber Mill
01:27 Scout Tower
01:30 Scout Tower
01:52 Farm
01:58 Guard Tower
02:01 Scout Tower
02:05 Scout Tower
02:39 Guard Tower
02:44 Guard Tower
02:48 Scout Tower
02:50 Altar of Kings
02:53 Altar of Kings
03:00 Scout Tower
03:18 Scout Tower
03:19 Guard Tower
03:29 Guard Tower
03:29 Guard Tower
03:42 Scout Tower
03:45 Scout Tower
04:14 Guard Tower
04:17 Scout Tower
04:22 Scout Tower
04:35 Scout Tower
04:49 Guard Tower
04:49 Guard Tower
04:54 Scout Tower
04:59 Scout Tower
05:02 Scout Tower
05:05 Scout Tower
05:07 Guard Tower
05:07 Guard Tower
05:11 Scout Tower
05:24 Scout Tower
05:25 Guard Tower
06:10 Guard Tower
06:15 Keep
06:35 Arcane Vault
07:20 Scout Tower
07:23 Scout Tower
07:27 Scout Tower
07:51 Guard Tower
07:53 Scout Tower
07:54 Guard Tower
07:54 Guard Tower
07:58 Scout Tower
08:01 Scout Tower
08:02 Guard Tower
08:02 Guard Tower
08:04 Scout Tower
08:16 Scout Tower
08:18 Scout Tower
08:20 Guard Tower
08:22 Scout Tower
08:26 Scout Tower
08:43 Guard Tower
08:47 Guard Tower
08:51 Scout Tower
08:52 Guard Tower
09:07 Guard Tower
09:09 Scout Tower
09:12 Scout Tower
09:24 Guard Tower
09:32 Scout Tower
09:59 Farm
10:01 Guard Tower
10:01 Guard Tower
10:02 Castle
10:07 Scout Tower
11:08 Guard Tower
13:09 Guard Tower
13:29 Town Hall
13:31 Guard Tower
13:36 Guard Tower
15:01 Guard Tower
15:02 Guard Tower
15:46 Guard Tower
16:56 Scout Tower
17:00 Scout Tower
17:21 Gryphon Aviary
17:24 Gryphon Aviary
17:29 Arcane Sanctum
17:54 Guard Tower
18:12 Guard Tower
18:22 Gryphon Aviary
18:59 Farm
20:18 Farm
20:31 Barracks
21:01 Guard Tower
21:03 Farm
22:55 Blacksmith
» items
| Scroll of Regeneration | 1 | |
| Mechanical Critter | 1 | |
| Lesser Clarity Potion | 1 | |
| Scroll of Town Portal | 2 | |
| Ivory Tower | 4 | |
| Potion of Mana | 3 | |
| Potion of Healing | 2 | |
| Staff of Sanctuary | 1 | |
| Orb of Fire | 1 | |
| Potion of Lesser Invulnerability | 1 | |
17 total

»
Loowee (
orange | 28 APM | 670 actions | 23:56)
6 Paladin
3 Holy Light
2 Divine Shield
1 Resurrection
» actions
| Build / train | 59 | |
| Enter build submenu | 18 | |
| Enter hero's abilities submenu | 7 | |
| Right click | 309 | |
| Select / deselect | 220 | |
| Use ability | 57 | |
670 total
» units
| Peasant | 9 | |
| Footman | 3 | |
| Rifleman | 6 | |
| Knight | 8 | |
| Priest | 2 | |
28 total
» upgrades
| Masonry | 3 | |
| Swords | 3 | |
| Gunpowder | 1 | |
| Armor | 1 | |
| Plating | 3 | |
| Lumber Harvesting | 2 | |
| Animal War Training | 1 | |
| Magic Sentry | 1 | |
15 total
» buildings
| Altar of Kings | 1 | |
| Farm | 10 | |
| Barracks | 2 | |
| Lumber Mill | 1 | |
| Blacksmith | 1 | |
| Keep | 1 | |
| Scout Tower | 8 | |
| Guard Tower | 4 | |
| Arcane Sanctum | 1 | |
| Castle | 1 | |
| Arcane Tower | 1 | |
| Gryphon Aviary | 1 | |
| Town Hall | 1 | |
33 total
» build order
00:29 Altar of Kings
00:34 Farm
00:36 Farm
00:46 Barracks
01:08 Lumber Mill
02:07 Blacksmith
02:33 Farm
02:34 Farm
05:52 Keep
07:29 Scout Tower
07:30 Scout Tower
07:31 Scout Tower
08:58 Guard Tower
09:00 Guard Tower
09:08 Arcane Sanctum
09:32 Castle
11:22 Barracks
12:53 Farm
12:54 Farm
12:56 Farm
12:57 Farm
16:28 Scout Tower
16:29 Scout Tower
16:30 Scout Tower
17:33 Guard Tower
18:01 Arcane Tower
18:05 Scout Tower
18:06 Scout Tower
19:02 Guard Tower
19:05 Farm
19:06 Farm
20:17 Gryphon Aviary
20:34 Town Hall
» items
| Lesser Clarity Potion | 1 | |
| Scroll of Town Portal | 1 | |
2 total
team 2 (loser)
Uzbad (
green | 60 APM | 1422 actions | 23:43)
5 Blood Mage
1 Banish
2 Flame Strike
2 Siphon Mana
» actions
| Assign group hotkey | 57 | |
| Build / train | 63 | |
| Enter build submenu | 16 | |
| Enter hero's abilities submenu | 5 | |
| Give item / drop item | 1 | |
| Remove unit from queue | 4 | |
| Right click | 961 | |
| Select / deselect | 238 | |
| Select group hotkey | 12 | |
| Use ability | 65 | |
1422 total
» units
| Peasant | 10 | |
| Footman | 2 | |
| Rifleman | 19 | |
| Mortar Team | 4 | |
| Siege Engine | 1 | |
36 total
» upgrades
| Gunpowder | 3 | |
| Long Rifles | 1 | |
| Flare | 1 | |
| Fragmentation Shards | 1 | |
| Armor | 2 | |
| Barrage | 1 | |
9 total
» buildings
| Altar of Kings | 2 | |
| Barracks | 1 | |
| Farm | 8 | |
| Lumber Mill | 2 | |
| Blacksmith | 1 | |
| Scout Tower | 1 | |
| Arcane Tower | 1 | |
| Keep | 1 | |
| Workshop | 2 | |
| Castle | 1 | |
| Arcane Vault | 1 | |
21 total
» build order
00:10 Altar of Kings
00:19 Altar of Kings
00:26 Barracks
00:31 Farm
00:53 Lumber Mill
01:42 Farm
02:21 Farm
02:33 Blacksmith
03:08 Scout Tower
03:27 Farm
03:57 Arcane Tower
06:14 Keep
08:24 Farm
08:25 Farm
08:26 Farm
09:07 Workshop
09:08 Workshop
12:16 Castle
13:29 Arcane Vault
13:33 Farm
13:40 Lumber Mill
» items
| Potion of Healing | 1 | |
| Scroll of Town Portal | 1 | |
| Scroll of Regeneration | 3 | |
5 total

»
Stink_Finger (
blue | 71 APM | 1683 actions | 23:45)
3 Death Knight
1 Death Coil
2 Unholy Aura
3 Crypt Lord
2 Impale
1 Spiked Carapace
» actions
| Assign group hotkey | 22 | |
| Build / train | 51 | |
| Enter build submenu | 15 | |
| Enter hero's abilities submenu | 6 | |
| Give item / drop item | 1 | |
| Remove unit from queue | 3 | |
| Right click | 751 | |
| Select / deselect | 225 | |
| Select group hotkey | 559 | |
| Use ability | 50 | |
1683 total
» units
| Acolyte | 3 | |
| Ghoul | 6 | |
| Crypt Fiend | 10 | |
| Abomination | 3 | |
22 total
» upgrades
| Creature Attack | 1 | |
| Web | 1 | |
| Unholy Strength | 1 | |
| Disease Cloud | 1 | |
4 total
» buildings
| Altar of Darkness | 1 | |
| Ziggurat | 7 | |
| Crypt | 2 | |
| Nerubian Tower | 1 | |
| Graveyard | 1 | |
| Tomb of Relics | 1 | |
| Spirit Tower | 5 | |
| Halls of the Dead | 1 | |
| Black Citadel | 1 | |
| Slaughterhouse | 1 | |
21 total
» build order
00:10 Altar of Darkness
00:15 Ziggurat
01:08 Crypt
01:15 Crypt
01:19 Nerubian Tower
01:41 Graveyard
02:05 Ziggurat
02:51 Tomb of Relics
04:55 Ziggurat
06:25 Spirit Tower
06:32 Ziggurat
07:49 Spirit Tower
07:54 Ziggurat
08:49 Spirit Tower
09:28 Halls of the Dead
13:24 Ziggurat
13:57 Black Citadel
16:33 Slaughterhouse
17:33 Ziggurat
21:42 Spirit Tower
21:43 Spirit Tower
» items
| Rod of Necromancy | 1 | |
| Potion of Healing | 4 | |
| Scroll of Town Portal | 1 | |
6 total
letrieudo (
pink | 93 APM | 2218 actions | 23:55)
4 Blademaster
1 Wind Walk
2 Mirror Image
1 Critical Strike
» actions
| Assign group hotkey | 4 | |
| Basic commands | 50 | |
| Build / train | 34 | |
| Enter build submenu | 16 | |
| Enter hero's abilities submenu | 4 | |
| Right click | 1124 | |
| Select / deselect | 268 | |
| Select group hotkey | 650 | |
| Use ability | 68 | |
2218 total
» units
» upgrades
» buildings
| Altar of Storms | 1 | |
| Orc Burrow | 4 | |
| Barracks | 4 | |
| Voodoo Lounge | 2 | |
| Stronghold | 1 | |
| War Mill | 1 | |
| Great Hall | 2 | |
15 total
» build order
00:12 Altar of Storms
00:24 Orc Burrow
00:57 Barracks
01:41 Orc Burrow
02:39 Voodoo Lounge
03:10 Stronghold
03:47 War Mill
04:34 Barracks
04:41 Barracks
09:47 Great Hall
10:14 Great Hall
11:37 Orc Burrow
12:43 Orc Burrow
13:09 Voodoo Lounge
20:35 Barracks
» items
| Healing Salve | 3 | |
| Lesser Clarity Potion | 1 | |
| Scroll of Speed | 1 | |
5 total
Chat log
(00:16 / Allies) Bromeister: towering im pro
(00:20 / Allies) Bromeister: mass units we will win
(00:22 / Allies) Loowee: okayy
(00:51 / Allies) Bromeister: this is all about stealth
(01:07 / Allies) Bromeister: fuck
(01:07 / Allies) Bromeister: wtf
(01:11 / Allies) Bromeister: fuck
(01:16 / Allies) Bromeister: he died
(01:21 / Allies) Bromeister: fuck damn it
(01:24 / Allies) Bromeister: mistaked this
(01:35 / Allies) Bromeister: now i have to be extra sneaky
(02:15 / All) Uzbad: im done, dont play like shit, i forgive you :D
(02:21 / All) Bromeister: :)
(02:29 / Allies) Bromeister: wood plz
(03:06 / Allies) Bromeister: LOL COME
(03:08 / Allies) Bromeister: come soon
(03:19 / Allies) Bromeister: OH FUCK
(03:27 / All) Bromeister: LOL HI
(03:46 / Allies) dank-man: i got you
(03:49 / Allies) Bromeister: attack
(03:50 / Allies) Bromeister: dude hit
(03:56 / Allies) Bromeister: the fuck
(03:57 / Allies) Bromeister: are u doing
(03:58 / Allies) Bromeister: standing there
(04:03 / All) Bromeister: ffukcing purp
(04:05 / All) Bromeister: give me contorl
(04:11 / All) Bromeister: he standing there like a rock
(04:43 / Allies) Bromeister: go orange
(04:44 / Allies) Bromeister: hit
(04:45 / Allies) dank-man: nice towering bro
(04:46 / Allies) Bromeister: fucking go
(04:49 / Allies) Bromeister: m
(04:51 / All) Bromeister: my allies are slow
(05:13 / Allies) dank-man: b
(05:14 / Allies) dank-man: b
(05:51 / Allies) Bromeister: give me control
(05:53 / Allies) Bromeister: i can micro u
(06:20 / Allies) Bromeister: wood me
(06:25 / Allies) Bromeister: hit
(06:26 / Allies) Bromeister: hit
(06:29 / Allies) Bromeister: burrows
(06:30 / Allies) Bromeister: use shop
(06:52 / Allies) Bromeister: get siege
(06:55 / All) Bromeister: fucker die
(07:09 / All) Bromeister: fucker
(08:36 / Allies) Bromeister: get main hall
(08:55 / Allies) Bromeister: wood
(08:56 / Allies) Bromeister: wood fast
(09:00 / Allies) Bromeister: wood
(09:02 / Allies) Bromeister: 300 fast
(09:04 / Allies) Bromeister: FAST WOOD
(09:39 / Allies) Bromeister: fuck
(09:40 / Allies) Bromeister: save purp
(09:45 / Allies) Bromeister: nvm
(09:50 / Allies) Bromeister: wood
(09:54 / Allies) Bromeister: tower up guys
(10:11 / Allies) Loowee: ill tp purp
(10:13 / Allies) Loowee: soon
(10:16 / Allies) Bromeister: help him
(10:16 / Allies) Bromeister: now
(10:18 / Allies) Bromeister: save him
(10:37 / Allies) dank-man: ima take
(10:47 / Allies) Bromeister: net
(10:48 / Allies) Bromeister: net
(10:51 / Allies) Bromeister: give me control
(10:57 / Allies) Bromeister: i will micro
(11:00 / Allies) Bromeister: my mine
(11:02 / Allies) Bromeister: what the fuck dont
(11:09 / Allies) Bromeister: wood me
(11:10 / Allies) Bromeister: i'll gold u
(11:21 / Allies) Bromeister: orange
(11:22 / Allies) Bromeister: get more units
(11:30 / Allies) Loowee: need wood
(11:33 / Allies) dank-man: gold pls
(11:34 / Allies) Loowee: ive been giving u wood
(11:45 / Allies) Bromeister: fuck man i need wood
(11:52 / Allies) Bromeister: do u not get i need wood
(11:53 / Allies) Bromeister: to win
(12:03 / Allies) Bromeister: help
(12:30 / All) Bromeister: ur gona die
(12:31 / All) Bromeister: faggot
(12:57 / Allies) Bromeister: gold
(12:57 / All) Uzbad: the definition of 'faggot'- dumbshit who tower rushes
(13:02 / All) Bromeister: LOL
(13:03 / All) Bromeister: SO MAD
(13:06 / All) Bromeister: THANKS FOR THE BASE BRO
(13:15 / Allies) Bromeister: GOLD PLZ
(13:18 / Allies) Bromeister: gold
(13:22 / Allies) Bromeister: wt
(14:04 / Allies) Bromeister: lets level up
(14:06 / Allies) Bromeister: lets hit level 10
(14:11 / Allies) Loowee: cool
(14:11 / Allies) Bromeister: go creep
(14:42 / Allies) Bromeister: i need
(14:51 / Allies) Bromeister: lets do all the red creeps
(15:15 / Allies) Bromeister: go
(15:52 / Allies) Bromeister: get morts
(16:00 / Allies) Bromeister: fuck
(16:02 / Allies) Bromeister: this is bads
(16:09 / Allies) Bromeister: u guys need units
(16:10 / Allies) Bromeister: what the fuck
(16:13 / Allies) Bromeister: mass
(16:15 / Allies) Bromeister: gg
(17:12 / Allies) dank-man: b
(17:55 / Allies) Bromeister: wood
(18:00 / Allies) Bromeister: damn
(18:01 / Allies) Bromeister: this game
(18:04 / Allies) Bromeister: i need a shredder
(18:11 / Allies) Loowee: then get one
(18:12 / Allies) dank-man: gold pls
(18:16 / Allies) Bromeister: then clear it
(18:36 / Allies) Bromeister: ur grunt is folowing me
(18:55 / Allies) dank-man: yellow give gold wtf
(18:59 / Allies) dank-man: i give you wood all game
(19:20 / Allies) Bromeister: get tp
(19:28 / Allies) Bromeister: dude
(19:30 / Allies) Bromeister: fuck your grunt
(19:32 / Allies) Bromeister: move it
(19:43 / Allies) dank-man: morts
(20:08 / Allies) Bromeister: ur grunt is gona die
(21:27 / Allies) Bromeister: coming
(21:32 / Allies) Bromeister: guys lets hit their expos
(21:37 / Allies) Bromeister: dont hit them..
(21:39 / Allies) Bromeister: why
(21:40 / Allies) Bromeister: omfg
(21:41 / Allies) Bromeister: b
(21:43 / Allies) Bromeister: lol
(21:45 / Allies) Bromeister: hit main
(21:50 / Allies) Bromeister: kill main
(21:51 / Allies) Bromeister: kill mian and b
(22:07 / Allies) Bromeister: kill main and b
(22:08 / Allies) Bromeister: nvm
(22:11 / Allies) Bromeister: destory mine
(22:12 / Allies) Loowee: ur shit
(22:17 / Allies) Loowee: shut up
(22:32 / Allies) Bromeister: tp>
(22:33 / Allies) Bromeister: no
(22:35 / Allies) Bromeister: destroy blue
(22:38 / Allies) Bromeister: frist
(23:05 / Allies) Bromeister: tp
(23:06 / Allies) dank-man: tp
(23:33 / All) Bromeister: LOL
(23:39 / All) Bromeister: :LPOL
(23:45 / All) Bromeister: LOL
(23:48 / All) Bromeister: RAGEQUIT
(23:48 / All) Loowee: gg
(23:50 / All) Bromeister: KIOK"
(23:53 / All) Bromeister: LOIOLOLOL